 Dungeon Crawl Stone Soup version 0.21.1-1-g345015fe64 (console) character file.

1227 Kloppie the Fighter (level 8, -7/75 HPs)
             Began as a Yellow Draconian Berserker on Feb 25, 2018.
             Was a Priest of Trog.
             Shot with an arrow by a centaur (15 damage)
             ... on level 5 of the Dungeon.
             The game lasted 00:05:40 (3840 turns).

Kloppie the Fighter (Yellow Draconian Berserker)    Turns: 3840, Time: 00:05:40

Health: -7/75      AC:  8    Str: 19    XL:     8   Next: 23%
Magic:  8/8        EV: 13    Int:  9    God:    Trog [***...]
Gold:   218        SH:  0    Dex: 12    Spells: 7/7 levels left

rFire    . . .     SeeInvis .   a - +0 falchion
rCold    . . .     Gourm    .   (no shield)
rNeg     . . .     Faith    .   (armour unavailable)
rPois    .         Spirit   .   (helmet restricted)
rElec    .         Reflect  .   (no cloak)
rCorr    +         Harm     .   g - +0 pair of gloves
MR       .....                  q - +0 pair of boots
Stlth    +.........             (no amulet)
HPRegen  0.22/turn              (no ring)
MPRegen  0.11/turn              (no ring)

@: no status effects
A: spit acid, acid resistance, unfitting armour, cold-blooded, AC +6
a: Breathe Acid, Berserk, Trog's Hand, Burn Spellbooks, Renounce Religion


You were on level 5 of the Dungeon.
You worshipped Trog.
Trog was most pleased with you.
You were not hungry.

You visited 1 branch of the dungeon, and saw 5 of its levels.

You collected 218 gold pieces.

Inventory:

Hand Weapons
 a - a +0 falchion (weapon)
Armour
 g - a +0 pair of gloves (worn)
 q - a +0 pair of boots (worn)
Jewellery
 h - an uncursed ring of ice {unknown}
 i - a cursed ring of loudness {unknown}
Wands
 c - a wand of digging (7)
Scrolls
 d - 3 scrolls of remove curse {unknown}
 e - 3 scrolls of amnesia {unknown}
 f - a scroll of random uselessness {unknown}
 l - a scroll of magic mapping {unknown}
 m - 2 scrolls of fog {unknown}
 n - 5 scrolls of identify {unknown}
 o - 2 scrolls of immolation {unknown}
 r - 3 scrolls of blinking {unknown}
 s - 3 scrolls of teleportation {unknown}
 v - a scroll of enchant armour {unknown}
 w - 2 scrolls of enchant weapon {unknown}
 y - a scroll of fear {unknown}
Potions
 j - 2 potions of curing {unknown}
 k - a potion of lignification {unknown}
 p - a potion of degeneration {unknown}
 t - a potion of might {unknown}
 u - a potion of mutation {unknown}
 x - a potion of haste {unknown}
 z - 3 potions of brilliance {unknown}
Comestibles
 b - 8 rations


   Skills:
 + Level 8.5 Fighting
 - Level 7.5 Long Blades
 - Level 2.6 Dodging


You had 7 spell levels left.
You didn't know any spells.

Dungeon Overview and Level Annotations

Branches:
Dungeon (5/15)             Temple (0/1) D:4

Altars:
Dithmenos
Hepliaklqana
Makhleb
Ru
Trog
Xom
Yredelemnul
The Shining One

Annotations:
D:4 1 runed door


Innate Abilities, Weirdness & Mutations

You can spit globs of acid.
You are resistant to acid.
Your golden yellow scales are hard. (AC +6)
You cannot fit into any form of body armour.
You are cold-blooded and may be slowed by cold attacks.


Message History

The centaur is almost dead.
The centaur shoots an arrow.
The arrow barely misses you. The centaur hits you.
* * * LOW HITPOINT WARNING * * *
The centaur shoots an arrow.
The arrow hits you.
* * * LOW HITPOINT WARNING * * *
You hit the centaur.
You kill the centaur!
Trog accepts your kill.
The centaur shoots an arrow.
The arrow misses you.
The centaur shoots an arrow.
The arrow hits you.
* * * LOW HITPOINT WARNING * * *
You hear a bark!
Things that are here:
an uncursed shortbow; 6 arrows; a centaur corpse The centaur shoots an arrow.
The arrow hits you!
* * * LOW HITPOINT WARNING * * *
A hound comes into view.
You see here an arrow.
The centaur shoots an arrow.
The arrow hits you!
You die...

#......### #.......#.
###+####### #.......#.
#.........# #...(.....
..........# #......###
..........# #......#
..h..c....#####.....<#
...........##........#
.......@...##(#####.##
........(.((.((...#.#
#.....<..)..#..##.#.#
#........##.#.....#.####
............##........)#
#############........#..
#.##..##.#.. ...
#..##.... .... #..######


You could see a centaur and a hound.

Vanquished Creatures
  Pikel (D:4)
  The ghost of Hat the Chopper, an amateur DDBe of Trog (D:3)
  Edmund (D:4)
  A slave (D:4)
  2 ogres
  A centaur (D:5)
  2 jellies (D:3)
  2 orc wizards (D:3)
  A bullfrog skeleton (D:4)
  Ijyb (D:3)
  Robin (D:3)
  4 adders
  3 worms
  A dart slug (D:1)
  2 leopard geckos (D:1)
  5 orcs
  6 bats
  5 giant cockroaches
  10 goblins
  8 hobgoblins
  An iguana (D:3)
  3 jackals (D:2)
  5 frilled lizards
  8 kobolds
  4 rats
79 creatures vanquished.

Notes
Turn   | Place    | Note
-------+----------+-------------------------------------------
     0 | D:1      | Kloppie the Draconian Berserker began the quest for the Orb.
     0 | D:1      | Reached XP level 1. HP: 19/19 MP: 1/1
   113 | D:1      | Reached XP level 2. HP: 26/26 MP: 2/2
   669 | D:2      | Noticed an ogre
   673 | D:2      | HP: 1/39 [ogre/giant club (8)]
   675 | D:2      | Killed an ogre
   675 | D:2      | Reached ** piety under Trog
   675 | D:2      | Reached skill level 5 in Long Blades
   675 | D:2      | Reached XP level 3. HP: 1/31 MP: 3/3
   675 | D:2      | Reached XP level 4. HP: 2/38 MP: 4/4
   996 | D:2      | Found a burning altar of Makhleb.
  1181 | D:2      | Reached XP level 5. HP: 45/45 MP: 5/5
  1239 | D:2      | Found a hazy altar of Hepliaklqana.
  1503 | D:3      | Found a sacrificial altar of Ru.
  1627 | D:3      | Found a glowing golden altar of the Shining One.
  1690 | D:3      | Noticed Hat's ghost (amateur DDBe)
  1700 | D:3      | Killed Hat's ghost
  1700 | D:3      | Reached XP level 6. HP: 51/51 MP: 6/6
  1780 | D:3      | Found a bloodstained altar of Trog.
  1825 | D:3      | Noticed Ijyb
  1825 | D:3      | Reached *** piety under Trog
  1834 | D:3      | Noticed Robin
  1857 | D:3      | Killed Robin
  1861 | D:3      | Killed Ijyb
  1971 | D:3      | Found a shimmering altar of Xom.
  2171 | D:3      | Reached skill level 4 in Fighting
  2583 | D:4      | Found a basalt altar of Yredelemnul.
  2726 | D:4      | Found a runed door.
  2742 | D:4      | Noticed Edmund
  2755 | D:4      | Killed Edmund
  2755 | D:4      | Reached skill level 5 in Fighting
  2755 | D:4      | Your scales start taking on a golden yellow colour.
  2755 | D:4      | Reached XP level 7. HP: 61/61 MP: 7/7
  2811 | D:4      | Found a staircase to the Ecumenical Temple.
  3085 | D:4      | Found a shadowy altar of Dithmenos.
  3268 | D:4      | Noticed Pikel
  3297 | D:4      | Killed Pikel
  3297 | D:4      | Reached skill level 7 in Fighting
  3297 | D:4      | Reached XP level 8. HP: 74/74 MP: 8/8
  3752 | D:5      | Entered Level 5 of the Dungeon
  3818 | D:5      | Reached skill level 8 in Fighting
  3840 | D:5      | Shot with an arrow by a centaur

Skill      XL: |  1  2  3  4  5  6  7  8 |
---------------+-------------------------+-----
Long Blades    | 5 7 |  7.5
Fighting       | 5 7 8 |  8.5
Dodging        | |  2.6

Action                   |  1- 3 |  4- 6 |  7- 9 || total
-------------------------+-------+-------+-------++-------
Melee: Falchion          |    53 |   156 |    54 ||   263
       Tailslap          |     4 |    30 |     8 ||    42
Invok: Berserk           |     1 |     4 |     1 ||     6
       Trog's Hand       |       |     1 |       ||     1
 Stab: Sleeping          |     1 |     1 |       ||     2
  Eat: Chunk             |       |     9 |     4 ||    13
       Ration            |       |       |     1 ||     1
Armor: Skin              |    15 |    58 |    13 ||    86
Dodge: Dodged            |    44 |   115 |    34 ||   193
       Rpst.: Falchion   |    19 |    33 |     4 ||    56
